 Dungeon Crawl Stone Soup version 0.26.1-11-gd32895ea62 (webtiles) character file.

Game seed: 3358476094297862955

74 Almogavar the Chopper (level 4, -1/40 HPs)
             Began as a Hill Orc Fighter on Apr 26, 2021.
             Killed from afar by an orc wizard (5 damage)
             ... with a magic dart
             ... on level 3 of the Dungeon.
             The game lasted 00:03:55 (2189 turns).

Almogavar the Chopper (Hill Orc Fighter)            Turns: 2189, Time: 00:03:56

Health: -1/40      AC:  9    Str: 19    XL:     4   Next: 30%
Magic:  4/4        EV:  7    Int:  8    God:
Gold:   138        SH:  9    Dex: 10    Spells: 3/3 levels left

rFire    . . .     SeeInvis .   a - +0 war axe
rCold    . . .     Faith    .   c - +0 kite shield
rNeg     . . .     Spirit   .   b - +0 scale mail
rPois    .         Reflect  .   (no helmet)
rElec    .         Harm     .   n - +0 cloak
rCorr    .         Rampage  .   j - +0 pair of gloves
Will     .....                  (no boots)
Stlth    ..........             (no amulet)
HPRegen  0.13/turn              (no ring)
MPRegen  0.09/turn              (no ring)

@: no status effects
A: no striking features
a: no special abilities


You were on level 3 of the Dungeon.
You visited 1 branch of the dungeon, and saw 4 of its levels.

You collected 138 gold pieces.

Inventory:

Hand Weapons
 a - a +0 war axe (weapon)
Armour
 b - a +0 scale mail (worn)
 c - a +0 kite shield (worn)
 j - a +0 pair of gloves (worn)
 n - a +0 cloak (worn)
Scrolls
 f - a scroll of amnesia
 g - 2 scrolls of remove curse
 h - a scroll of teleportation
 p - a scroll of enchant armour {unknown}
Potions
 d - a potion of might
 e - a potion of flight
 i - a potion of resistance
 k - 2 potions of curing
 l - a potion of mutation {unknown}
 m - 2 potions of haste {unknown}
 o - a potion of cancellation {unknown}


   Skills:
 + Level 4.0 Fighting
 + Level 4.3 Axes
 + Level 3.5 Armour
 + Level 0.5 Dodging
 + Level 4.0 Shields


You had 3 spell levels left.
You didn't know any spells.
Your spell library was empty.

Dungeon Overview and Level Annotations

Branches:
Dungeon (4/15)
 Temple: D:4-7

Altars:
Ashenzari
Fedhas
Uskayaw


Message History

Unknown command.
You bump into the rock wall.
Something hits you but does no damage.
Unknown command.
You bump into the rock wall.
Something hits you but does no damage.
Unknown command.
You bump into the rock wall.
Something hits you.
* * * LOW HITPOINT WARNING * * *
Unknown command.
You completely miss something. Something hits you but does no damage.
You hear some strange, mumbled words.
A puff of flame appears from out of thin air!
The puff of flame hits you.
* * * LOW HITPOINT WARNING * * *
Unknown command.
You miss something.
You feel less confused.
You hear some strange, mumbled words.
A magic dart appears from out of thin air!
The magic dart hits you.
You die...

.≈≈_.≈...........#
#≈.≈.≈###..#####.#
#.≈≈.≈###..# #.#
...........# #.#
......##.### #.#
####.###.# #.# # #.#
#.# #.# # #.# #.#
#.# # #.# #.# #@#
#.# #.# #{# ### #.#
#.#######W#######.##
#.#
#................#.#
#.#
#############.###.##
####.# #.# #.#
.....# #.# #.#
###### #.# #.# # #.#
#.#


You could see a phantom.

Vanquished Creatures
  2 adders
  A worm (D:2)
  3 dart slugs
  3 orcs
  6 bats
  2 giant cockroaches
  6 goblins
  3 hobgoblins
  7 kobolds
  A ball python (D:2)
  7 frilled lizards
  5 rats
46 creatures vanquished.

Notes
Turn   | Place    | Note
-------+----------+-------------------------------------------
     0 | D:1      | Almogavar the Hill Orc Fighter began the quest for the Orb.
     0 | D:1      | Reached XP level 1. HP: 19/19 MP: 1/1
    67 | D:1      | Reached XP level 2. HP: 27/27 MP: 2/2
    83 | D:1      | Found a broken altar of Ashenzari.
   349 | D:1      | Reached XP level 3. HP: 33/33 MP: 3/3
  1333 | D:2      | Found a hide-covered altar of Uskayaw.
  1486 | D:3      | Found a blossoming altar of Fedhas.
  1706 | D:3      | Reached XP level 4. HP: 40/40 MP: 4/4
  2152 | D:4      | Noticed a phantom
  2189 | D:3      | Killed from afar by an orc wizard

Illustrated notes

Levels and vault maps discovered:
D:1:      ncdulo_wetmaze, layout_rooms, ashenzari_altar_1
D:2:      layout_basic, lemuel_coloured_pillars_altar
D:3:      layout_loops_ring, fedhas_altar_2
D:4:      layout_loops_cross, minmay_temple_entry_junction, uniq_ijyb

Skill      XL: |  1  2  3  4 |
---------------+-------------+-----
Axes           | 3 4 |  4.3
Fighting       | 4 |  4.0
Shields        | 4 |  4.0
Armour         | |  3.5
Dodging        | |  0.5

Action                   |  1- 3 |  4- 6 || total
-------------------------+-------+-------++-------
Melee: War axe           |   100 |    39 ||   139
  Use: Scroll            |     8 |       ||     8
Armor: Scale mail        |    43 |    17 ||    60
Dodge: Dodged            |    19 |     9 ||    28
Block: Kite shield       |    43 |    16 ||    59
